AoeStats
← [ KOF ] M. Kowalski

Arabia

503905013Analyzed
1v1 RM · 28d ago on Sep 2, 2026· 66m 0s· 2 players
Game mode
Random Map
Map size
Tiny (2 player)
Population
200
Speed
Normal
Resources
Standard
Victory
Conquest
Starting age
Dark Age
Ending age
Imperial Age
RankedLock teamsTeams togetherTeam positionsShared explorationLock speedFull tech treeHidden civsTurbo modeCheats
Victory
Defeat
🇦🇷 Khitans · Argentina
1142
+17
🇦🇷 Japanese · Argentina
1174
-17
[ KOF ] M. Kowalski
6:14 Loom
9:23 Feudal Age
12:28 Town Watch
17:53 Double-Bit Axe
21:13 Forging
22:03 Fletching
24:04 Padded Archer Armor
24:35 Scale Barding Armor
27:13 Domestication
29:14 Wheelbarrow
31:55 Castle Age
32:01 Elite Skirmisher
32:54 Bodkin Arrow
35:35 Leather Archer Armor
36:11 Ballistics
37:15 Iron Casting
38:21 Bow Saw
38:20 Squires
38:15 Gold Mining
38:52 Scale Mail Armor
39:49 Chain Mail Armor
42:16 Hand Cart
43:47 Pikeman
44:15 Arson
50:47 Imperial Age
51:01 Imperial Age
48:14 Man-at-Arms
48:39 Gambesons
49:24 Long Swordsman
50:59 Stone Mining
52:17 Plate Mail Armor
52:15 Bracer
52:03 Two-Handed Swordsman
54:30 Conscription
54:29 Lamellar Armor
54:00 Champion
57:14 Conscription
57:48 Masonry
59:07 Ring Archer Armor
60:10 Chemistry
59:08 Murder Holes
60:52 Thumb Ring
62:40 Pastoralism
63:42 Two-Man Saw
63:50 Ordo Cavalry
64:26 Chain Barding Armor
65:56 Plate Barding Armor
66:09 Husbandry
65:29 Light Cavalry
Harrillo8268
7:11 Loom
9:39 Feudal Age
9:41 Man-at-Arms
18:20 Fletching
21:39 Horse Collar
24:00 Castle Age
24:04 Crossbowman
24:42 Bodkin Arrow
27:31 Padded Archer Armor
28:28 Leather Archer Armor
29:55 Ballistics
36:23 Imperial Age
38:00 Heavy Plow
37:49 Double-Bit Axe
39:07 Forging
39:51 Scale Barding Armor
41:08 Iron Casting
42:12 Bloodlines
42:23 Husbandry
44:16 Cavalier
46:23 Scale Mail Armor
50:25 Conscription
49:25 Elite Samurai
51:08 Chain Mail Armor
51:53 Blast Furnace
50:45 Gambesons
51:01 Squires
51:39 Arson
53:55 Kataparuto
54:30 Plate Mail Armor
56:15 Thumb Ring
55:31 Arbalester
57:38 Gold Mining
61:07 Bracer
63:20 Light Cavalry
Connection lost

Rejoining the realm…

Still unreachable

The connection could not be restored.

Session expired

The server has moved on; the page needs a fresh start.